 Dungeon Crawl Stone Soup version 0.18-a0-1323-g706dcef (webtiles) character file.

18 Ratboiler the Vexing (level 2, 0/15 HPs)
             Began as a Deep Elf Wanderer on Feb 15, 2016.
             Succumbed to an adder's poison
             ... on level 2 of the Dungeon.
             The game lasted 00:03:48 (2230 turns).

Ratboiler the Vexing (Deep Elf Wanderer)            Turns: 2230, Time: 00:03:48

Health: 0/15       AC:  2    Str:  7    XL:     2   Next: 51%
Magic:  6/6        EV: 11    Int: 19    God:
Gold:   82         SH:  0    Dex: 13    Spells: 1 memorised, 3 levels left

rFire  . . .     SeeInvis .     v - -2 whip (curse)
rCold  . . .     Gourm    .     d - +0 robe
rNeg   . . .     Faith    .     (no shield)
rPois  .         Spirit   .     (no helmet)
rElec  .         Dismiss  .     (no cloak)
rCorr  .         Reflect  .     (no gloves)
SustAt .         Harm     .     (no boots)
MR     .....                    (no amulet)
Stlth  ++........               (no ring)
                                (no ring)

@: lethally poisoned (0 -> -15), not resistant to hostile enchantments,
unstealthy
A: no striking features
a: no special abilities


You were on level 2 of the Dungeon.
You were not hungry.

You visited 1 branch of the dungeon, and saw 2 of its levels.

You collected 82 gold pieces.

Inventory:

Hand Weapons
 e - a +0 dagger
 v - a cursed -2 whip (weapon)
Missiles
 o - 6 sling bullets of flame
 p - 6 stones (quivered)
Armour
 d - a +0 robe (worn)
Scrolls
 g - 2 scrolls of enchant weapon {unknown}
 i - a scroll of fog {unknown}
 m - a scroll of remove curse {unknown}
 n - a scroll of enchant armour {unknown}
 u - a scroll of identify {unknown}
Potions
 c - 2 potions of curing
 h - a potion of ambrosia {unknown}
 j - 2 potions of degeneration {unknown}
 k - a potion of lignification {unknown}
 q - a potion of beneficial mutation {unknown}
 s - a potion of mutation {unknown}
 t - 2 potions of flight {unknown}
 w - 2 potions of berserk rage {unknown}
Books
 a - a book of Necromancy

   Spells                             Type                      Level
   a - Pain                           Necromancy                   1
   b - Animate Skeleton               Necromancy                   1
   c - Vampiric Draining              Necromancy                   3
   d - Regeneration                   Charms/Necromancy            3
   e - Animate Dead                   Necromancy                   4
   f - Control Undead                 Necromancy                   4
 b - Sif Muna's Papyrus of Transmigration

   Spells                             Type                      Level
   a - Beastly Appendage              Transmutation                1
   b - Ignite Poison                  Fire/Transmutation/Poison    3
Comestibles
 f - a bread ration
 l - a chunk of flesh
 r - 3 fruits


   Skills:
 - Level 1.2 Stealth
 - Level 1.5 Spellcasting
   Level 4.0 Hexes
 + Level 3.2 Necromancy
   Level 1.1 Fire Magic
   Level 2.0 Air Magic
   Level 1.1 Evocations


You had 3 spell levels left.
You knew the following spells:

 Your Spells              Type           Power        Failure   Level  Hunger
a - Animate Skeleton      Necr           N/A          6%          1    ##.....


Dungeon Overview and Level Annotations

Branches:
Dungeon (2/15)

Altars:


Message History

You are too injured to fight recklessly!
You are too injured to fight recklessly!
You closely miss the adder. The adder barely misses you.
You miss the adder. The adder bites you.
You are lethally poisoned!
The adder poisons you! The adder bites you.
You barely miss the adder.
* * * LOW HITPOINT WARNING * * *
You feel sick. The adder bites you but does no damage.
Your goblin skeleton completely misses the adder.
You barely miss the adder.
* * * LOW HITPOINT WARNING * * *
You feel sick. The adder bites you but does no damage.
Your goblin skeleton closely misses the adder.
The adder bites you.
* * * LOW HITPOINT WARNING * * *
You are more poisoned.
The adder poisons you!
You hit the adder but do no damage.
You die...

......# #...# ......#
#...# .#.#..# #...#
.#.#..# #?..# ## .#.#..#
#...# ..
......######...#####.#
.....<..........$....###
.#.#............Z.......
.#..#...........@S...#
.##.#..#####...#####....
.......# #...# .
......## #...# ###.###
#...# ...# #.!.# ####
#...# ##.#


You could see an adder and a friendly goblin skeleton.

Vanquished Creatures
  A hobgoblin (D:1)
  3 bats (D:1)
  2 giant newts
  2 goblins
  4 kobolds
  6 rats
18 creatures vanquished.

Vanquished Creatures (collateral kills)
  A bat (D:2)
  3 kobolds
4 creatures vanquished.

Grand Total: 22 creatures vanquished

Notes
Turn   | Place    | Note
--------------------------------------------------------------
     0 | D:1      | Ratboiler the Deep Elf Wanderer began the quest for the Orb.
     0 | D:1      | Ratboiler set off with: a book of Necromancy, Sif Muna's Papyrus of Transmigration, a potion of curing, a +0 robe, a +0 dagger, a bread ration
     0 | D:1      | Reached XP level 1. HP: 10/10 MP: 5/5
     0 | D:1      | Identified Sif Muna's Papyrus of Transmigration
     2 | D:1      | Learned a level 1 spell: Animate Skeleton
  1207 | D:1      | Reached XP level 2. HP: 15/15 MP: 6/6
  2230 | D:2      | Succumbed to an adder's poison

Vault maps used:
D:1:      minmay_arrival_five_plusses
D:2:      led_sif_pool, lemuel_zombie_altar_yredelemnul

Action                   || total
-------------------------++-------
Melee: Dagger            ||    86
       Whip              ||     8
 Cast: Animate Skeleton  ||     8
 Stab: Sleeping          ||     5
  Eat: Fruit             ||     1
       Chunk             ||     3
